 Dungeon Crawl Stone Soup version 0.27.1-1-g398f81649c (webtiles) character file.

Game seed: 15578176051943242143

691 acemry the Changer (level 7, 0/43 HPs)
             Began as an Octopode Transmuter on Sept 6, 2021.
             Slain by Duvessa (11 damage)
             ... on level 4 of the Dungeon.
             The game lasted 00:12:51 (5411 turns).

acemry the Changer (Octopode Transmuter)            Turns: 5411, Time: 00:12:52

Health: 0/43       AC:  2    Str: 11    XL:     7   Next: 63%
Magic:  8/10       EV: 23    Int: 17    God:
Gold:   141        SH:  5    Dex: 18    Spells: 7/11 levels left

rFire    . . .     SeeInvis .     - Unarmed
rCold    . . .     Faith    .   (shield currently unavailable)
rNeg     . . .     Spirit   .   (helmet currently unavailable)
rPois    x         Reflect  +   d - amulet of reflection
rElec    .         Harm     .   e - +4 ring of evasion
rCorr    .         Rampage  .   (no ring)
Will     .....                  (no ring)
Stlth    ++........             (no ring)
HPRegen  0.14/turn              (no ring)
MPRegen  0.12/turn              (no ring)
                                (no ring)
                                (no ring)

@: spider-form
A: venomous fangs, almost no armour, (amphibious), 8 rings, tiny, (camouflage
1), (gelatinous body 1), (nimble swimmer 1), (tentacles), strong 1, subdued
magic 1
a: End Transformation


You were on level 4 of the Dungeon.
You were a venomous arachnid creature.
You visited 1 branch of the dungeon, and saw 4 of its levels.

You collected 141 gold pieces.

Inventory:

Hand Weapons
 a - a +2 short sword
 g - a +2 dagger of speed
 i - a +0 rapier
 j - a +5 dagger of venom (melded)
Armour
 f - a +0 buckler
Jewellery
 d - an amulet of reflection (around neck)
 e - a +4 ring of evasion (left front leg)
Scrolls
 b - 3 scrolls of identify
 k - 2 scrolls of magic mapping {unknown}


   Skills:
 - Level 1.0 Fighting
 - Level 2.0 Dodging
 - Level 0.3 Shields
 - Level 3.0 Unarmed Combat
 + Level 2.5 Spellcasting
 + Level 7.3 Transmutations
 + Level 3.9 Poison Magic


You had 7 spell levels left.
You knew the following spells:

 Your Spells              Type           Power      Damage    Failure   Level
a - Beastly Appendage     Tmut           40%        N/A       3%          1
b - Spider Form           Tmut/Pois      8%         N/A       13%         3

Your spell library contained the following spells:

 Spells                   Type           Power      Damage    Failure   Level
 Wereblood                Tmut           20%        N/A       4%          2
 Ice Form                 Ice/Tmut       11%        N/A       56%         4


Dungeon Overview and Level Annotations

Branches:
Dungeon (4/15)
 Temple: D:4-7

Altars:
Nemelex Xobeh

Shops:
D:1 ([(

Annotations:
D:4 Duvessa


Innate Abilities, Weirdness & Mutations

You are a venomous arachnid creature.
You have poisonous fangs.
You are tiny and dextrous.
Your spellcasting is less reliable in this form.
Your armour is entirely melded.
You are incapable of wielding weapons or throwing items.
You cannot wear most types of armour.
((You are amphibious.))
You can wear up to eight rings at the same time.
((Your skin changes colour to match your surroundings (Stealth+).))
((Your rubbery body absorbs attacks. (AC +1, EV +1)))
((You are camouflaged near water. (Stealth+)))
((You have tentacles for arms and can constrict up to eight enemies at once.))
Your muscles are strong. (Str +2)
Your spells are a little easier to cast, but a little less powerful.


Message History

As you open the door, it creaks loudly!
Duvessa shouts!
You turn into a venomous arachnid creature.
Your +5 dagger of venom melds into your body.
Your +5 dagger of venom stops dripping with poison.
Dowan hits you with a +0 dagger.
You hit Dowan but do no damage.
Dowan is poisoned.
Dowan casts a spell at you. The puff of flame hits you!
You hit Dowan.
Dowan looks as sick as possible!
Dowan is moderately wounded.
Duvessa says, "My weaknesses are his strengths!"
You hit Duvessa but do no damage. You hit Duvessa.
Duvessa is poisoned.
Duvessa is lightly wounded.
You hit Duvessa but do no damage.
Duvessa looks even sicker.
Duvessa is lightly wounded.
Duvessa hits you with a +0 short sword of speed!
You are too injured to fight recklessly!
You are too injured to fight recklessly!
You are too injured to fight recklessly!
You are too injured to fight recklessly!
You hit Duvessa.
Duvessa looks as sick as possible!
Duvessa is moderately wounded.
Duvessa barely misses you.
You bite Duvessa!
Duvessa looks as sick as possible!
Duvessa is heavily wounded.
Duvessa closely misses you.
You hit Duvessa.
Duvessa is heavily wounded.
You kill Dowan!
Duvessa weeps, then rights herself and shakes her weapon.
Duvessa goes berserk!
Duvessa hits you with a +0 short sword of speed!
* * * LOW HITPOINT WARNING * * *
Duvessa barely misses you.
You hit Duvessa but do no damage.
Duvessa looks as sick as possible!
Duvessa is heavily wounded.
Duvessa misses you.
Duvessa hits you with a +0 short sword of speed!
You die...

.#........+....#....#
.#........#....#....
####'####'#..<.#...#
###..##......###...#
......#.[....#.....#
......#......#...).#
......#......#.....# . .
###+###......#+##'##....
................se......
.............(..........
........................
....................####
##+##.......##'######
#...#.......#......#
#...#.......#......#
#...#.......#......#
'...'.......#......#


You could see Duvessa (berserk, extremely poisoned).

Vanquished Creatures
  Sigmund (D:3)
  A centaur (D:3)
  A bullfrog (D:3)
  A scorpion (D:4)
  Dowan (D:4)
  Jessica (D:3)
  Natasha (thrice) (D:2)
  A howler monkey skeleton (D:4)
  2 gnolls (D:2)
  7 adders
  2 worms
  3 dart slugs
  3 orcs (D:4)
  6 ball pythons
  2 endoplasms (D:1)
  2 giant cockroaches
  12 goblins
  10 hobgoblins
  2 quokkas
  4 bats
  7 frilled lizards
  14 kobolds
  3 rats
89 creatures vanquished.

Vanquished Creatures (others)
  9 plants (D:3)
9 creatures vanquished.

Grand Total: 98 creatures vanquished

Notes
Turn   | Place    | Note
-------+----------+-------------------------------------------
     0 | D:1      | acemry the Octopode Transmuter began the quest for the Orb.
     0 | D:1      | Reached XP level 1. HP: 13/13 MP: 3/3
    34 | D:1      | Found Waapiluni's Antique Weapon Shop.
   341 | D:1      | Found Suogecra's Antique Armour Emporium.
   494 | D:1      | Reached XP level 2. HP: 18/18 MP: 3/5
   627 | D:1      | Found a faded altar of an unknown god.
   703 | D:1      | Reached skill level 3 in Transmutations
   726 | D:1      | Found Ekeo's Antique Weapon Shop.
  1230 | D:1      | Reached XP level 3. HP: 23/23 MP: 4/6
  1718 | D:2      | Reached skill level 4 in Transmutations
  1724 | D:2      | Learned a level 3 spell: Spider Form
  1792 | D:2      | Reached XP level 4. HP: 8/28 MP: 5/7
  2198 | D:2      | Noticed Natasha
  2202 | D:2      | Reached skill level 1 in Poison Magic
  2208 | D:2      | Killed Natasha
  2559 | D:2      | Reached XP level 5. HP: 31/33 MP: 6/8
  2965 | D:2      | Noticed Natasha
  2971 | D:2      | Killed Natasha
  3091 | D:2      | Noticed Natasha
  3126 | D:2      | Killed Natasha
  3127 | D:2      | Reached skill level 5 in Transmutations
  3294 | D:3      | Noticed Jessica
  3318 | D:3      | Killed Jessica
  3319 | D:3      | Reached XP level 6. HP: 30/38 MP: 6/9
  3792 | D:3      | Reached skill level 6 in Transmutations
  3950 | D:3      | Found a sparkling altar of Nemelex Xobeh.
  4133 | D:3      | Noticed Sigmund
  4144 | D:3      | Killed Sigmund
  4145 | D:3      | Reached XP level 7. HP: 32/43 MP: 7/10
  4588 | D:4      | Gained mutation: Your spells are a little easier to cast,
                  | but a little less powerful. [potion of mutation]
  4588 | D:4      | Gained mutation: Your muscles are strong. (Str +2) [potion
                  | of mutation]
  4596 | D:4      | HP: 2/43 [acid dragon (5)]
  5084 | D:4      | Reached skill level 7 in Transmutations
  5396 | D:4      | Noticed Duvessa
  5396 | D:4      | Noticed Dowan
  5410 | D:4      | Killed Dowan
  5411 | D:4      | Slain by Duvessa

Illustrated notes

Levels and vault maps discovered:
D:1:      roderic_crossed_star, layout_basic,
          hellmonk_ecumenical_altar_lost_god, serial_shops, shop,
          nicolae_shop_overgrown_old_shop, nicolae_lakefront_shop
D:2:      layout_basic, minmay_split_cup_large, uniq_natasha
D:3:      layout_loops_ring, nemelex_diamond_rough_becter,
          lexackson_kobold_supper, uniq_sigmund, uniq_jessica
D:4:      layout_gridville, minmay_temple_entry_statues_fountains, uniq_duvessa

Skill      XL: |  1  2  3  4  5  6  7 |
---------------+----------------------+-----
Transmutations | 3 4 5 6 7 |  7.3
Poison Magic   | 1 2 3 |  3.9
Fighting       | |  1.0
Dodging        | |  2.0
Shields        | |  0.3
Unarmed Combat | |  3.0
Spellcasting   | |  2.5

Action                   |  1- 3 |  4- 6 |  7- 9 || total
-------------------------+-------+-------+-------++-------
Melee: Short sword       |    67 |    36 |       ||   103
       Constrict         |    20 |    17 |     2 ||    39
       Kick              |    14 |    17 |       ||    31
       Tentacles         |     9 |     8 |     1 ||    18
       Unarmed           |       |    58 |    44 ||   102
       Dagger            |       |    40 |     6 ||    46
       Punch             |       |     1 |       ||     1
 Cast: Beastly Appendage |    22 |    28 |       ||    50
       Spider Form       |       |     6 |     9 ||    15
  Use: Scroll            |     4 |     4 |     1 ||     9
       Potion            |       |       |     1 ||     1
 Stab: Sleeping          |     2 |     4 |     1 ||     7
Armor: Skin              |     5 |     2 |     4 ||    11
Dodge: Dodged            |    30 |    67 |    37 ||   134
Block: Other             |     8 |    30 |     9 ||    47
       Reflection        |       |     3 |     1 ||     4
